 Dungeon Crawl Stone Soup version 0.30-a0-883-g5ad918d77d (webtiles) character file.

Game seed: 14179433239816578054

4 Lobster4 the Caller (level 1, 0/14 HPs)
             Began as a Hill Orc Summoner on Mar 16, 2023.
             Killed from afar by a dart slug (3 damage)
             ... with a slug dart
             ... on level 1 of the Dungeon.
             The game lasted 00:00:24 (59 turns).

Lobster4 the Caller (Hill Orc Summoner)               Turns: 59, Time: 00:00:25

Health: 0/14       AC:  2    Str: 10    XL:     1   Next: 70%
Magic:  2/3        EV: 12    Int: 15    God:
Gold:   0          SH:  0    Dex: 11    Spells: 2/3 levels left

rFire   . . .      SeeInvis .    (no weapon)
rCold   . . .      Faith    .    (no shield)
rNeg    . . .      Spirit   .    a - +0 robe
rPois   .          Reflect  .    (no helmet)
rElec   .          Rampage  .    (no cloak)
rCorr   .                        (no gloves)
Will    .....                    (no boots)
Stlth   ++                       (no amulet)
HPRegen 0.22/turn                (no ring)
MPRegen 0.08/turn                (no ring)

@: no status effects
A: no striking features
a: no special abilities


You were on level 1 of the Dungeon.
You visited 1 branch of the dungeon, and saw 1 of its levels.

Inventory:

Armour
 a - a +0 robe (worn)
Potions
 b - a potion of magic


   Skills:
 + Level 0.2 Fighting
 + Level 0.3 Armour
 + Level 1.6 Dodging
 + Level 1.6 Stealth
 + Level 1.6 Spellcasting
 + Level 4.0 Summonings


You had 2 spell levels left.
You knew the following spells:

 Your Spells              Type           Power      Damage    Failure   Level
a - Summon Small Mammal   Summ           52%        N/A       4%          1

Your spell library contained the following spells:

 Spells                   Type           Power      Damage    Failure   Level
 Call Imp                 Summ           13%        N/A       7%          2
 Call Canine Familiar     Summ           13%        N/A       13%         3
 Summon Guardian Golem    Hex/Summ       7%         N/A       30%         3
 Summon Lightning Spire   Summ/Air       7%         N/A       69%         4


Dungeon Overview and Level Annotations

Branches:
Dungeon (1/15)

Altars:


Message History

Your rat disappears in a puff of smoke!
The bat barely misses you.
A giant cockroach comes into view.
The bat closely misses you.
You swap places.
Found a hand axe.
Found a faded altar of an unknown god.
The bat hits you.
You hit the bat but do no damage.
The bat is severely wounded.
The bat hits you but does no damage.
You swap places.
A rat comes into view.
The bat hits you but does no damage.
You closely miss the bat.
The bat is heavily wounded.
The bat closely misses you.
You swap places.
Found a shiny copper ring.
The bat barely misses you. The bat hits you but does no damage.
Casting: Summon Small Mammal (safe; 4% risk of failure)
Confirm with . or Enter, or press ? or * to list all spells.
The bat hits you but does no damage.
Unknown command.
A dart slug comes into view.
Found a glowing cloak.
The bat hits your rat.
Your rat bites the bat.
The bat dies!
Your rat disappears in a puff of smoke!
The giant cockroach bites you. The dart slug launches a dart at you.
The slug dart hits you. The giant cockroach bites you.
You are too injured to fight recklessly!
You are too injured to fight recklessly!
You hit the giant cockroach but do no damage.
The giant cockroach bites you.
* * * LOW HITPOINT WARNING * * *
The giant cockroach barely misses you. The giant cockroach bites you.
* * * LOW HITPOINT WARNING * * *
Your rat barely misses the giant cockroach.
The dart slug launches a dart at you. The slug dart hits you.
You die...

########### #..[.......
#..=........ ###..w.....8..
### .........)._. ....
#........8.. ......
########...r.......
...............@B.r.......#
........########.........#
.............###.........##
..#.#.#.#...#####........
..#.#.#.##.## ##........
#.#.#.#.#..###.........
#.#.#.###.>##.........
#<#.#.###....##..####
#.#.#.## #...## .##


You could see a dart slug, a giant cockroach (ally target), a rat and a friendly
rat (summoned).

Vanquished Creatures (collateral kills)
  A dart slug (D:1)
  A bat (D:1)
  A rat (D:1)
3 creatures vanquished.

Notes
Turn   | Place    | Note
-------+----------+-------------------------------------------
     0 | D:1      | Lobster4 the Hill Orc Summoner began the quest for the Orb.
     0 | D:1      | Reached XP level 1. HP: 14/14 MP: 3/3
    48 | D:1      | Found a faded altar of an unknown god.
    59 | D:1      | Killed from afar by a dart slug

Illustrated notes

Levels and vault maps discovered:
D:1:      lightli_arrival_chessboard, layout_rooms,
          dreamdust_ecumenical_altar_statues, chequers_garden,
          hangedman_decor_points

Action                     || total
---------------------------++-------
  Melee: Unarmed           ||    12
   Cast: Summon Small Mamm ||     3
 Armour: Robe              ||     6
  Dodge: Dodged            ||    14

Table legend: (Time is in decaauts)
 A = Elapsed time spent in this place.
 B = Non-inter-level travel time spent in this place.
 C = Inter-level travel time spent in this place.
 D = Time resting spent in this place.
 E = Time spent auto-exploring this place.
 F = Levels seen in this place.
 G = Mean time per level.
                   A        B        C        D        E       F      G
               +--------+--------+--------+--------+--------+-----+--------+
         Total |     59 |     59 |      0 |      0 |     30 |   1 |   59.0 |
       Dungeon |     59 |     59 |      0 |      0 |     30 |   1 |   59.0 |
               +--------+--------+--------+--------+--------+-----+--------+

Top non-repeatable levels by time:
     D:1: 59 daAuts
